 Dungeon Crawl Stone Soup version 0.18.1-50-g88ac8fd (webtiles) character file.

1947 n3xus the Cleaver (level 8, 0/69 HPs)
             Began as a Minotaur Berserker on Nov 25, 2016.
             Was an Elder of Trog.
             Slain by an orc warrior
             ... wielding a +0 dire flail
              (7 damage)
             ... on level 6 of the Dungeon.
             The game lasted 00:13:51 (5021 turns).

n3xus the Cleaver (Minotaur Berserker)              Turns: 5021, Time: 00:13:52

Health: 0/69       AC:  5    Str: 24    XL:     8   Next: 98%
Magic:  7/7        EV: 12    Int:  4    God:    Trog [****..]
Gold:   282        SH:  0    Dex: 10    Spells: 0 memorised, 7 levels left

rFire  . . .     SeeInvis .     z - +1 hand axe (chop)
rCold  + . .     Gourm    .     A - +0 leather armour {rC+}
rNeg   . . .     Faith    .     (no shield)
rPois  .         Spirit   .     (helmet restricted)
rElec  .         Dismiss  .     (no cloak)
rCorr  .         Reflect  .     i - +1 pair of gloves
SustAt .         Harm     .     (no boots)
MR     .....                    (no amulet)
Stlth  +.........               (no ring)
                                (no ring)

@: not resistant to hostile enchantments, very unstealthy
A: retaliatory headbutt, horns 2
a: Berserk, Trog's Hand, Brothers in Arms, Burn Spellbooks, Renounce Religion


You were on level 6 of the Dungeon.
You worshipped Trog.
Trog was greatly pleased with you.
You were not hungry.

You visited 1 branch of the dungeon, and saw 6 of its levels.

You collected 282 gold pieces.

Inventory:

Hand Weapons
 a - a +0 hand axe
 z - a +1 hand axe of chopping (weapon)
Missiles
 o - 4 needles of sleeping
 p - 8 tomahawks of dispersal (quivered)
Armour
 b - a +0 animal skin
 i - a +1 pair of gloves (worn)
 j - a +0 robe
 l - a +1 ring mail of fire resistance
 A - a +0 leather armour of cold resistance (worn)
Jewellery
 C - an uncursed ring of resist corrosion {unknown}
 F - an uncursed amulet of the gourmand {unknown}
Scrolls
 d - 5 scrolls of identify {unknown}
 e - a scroll of recharging {unknown}
 f - 3 scrolls of magic mapping {unknown}
 g - 3 scrolls of teleportation {unknown}
 h - a scroll of immolation {unknown}
 v - 6 scrolls of remove curse {unknown}
 x - a scroll of fear {unknown}
 y - 3 scrolls of enchant weapon {unknown}
Potions
 k - 3 potions of agility
 n - 5 potions of curing
 q - 2 potions of magic {unknown}
 s - a potion of degeneration {unknown}
 t - a potion of haste {unknown}
 w - 5 potions of lignification {unknown}
 B - a potion of mutation {unknown}
 D - 2 potions of flight {unknown}
Comestibles
 c - 8 bread rations
 m - a beef jerky
 r - 3 meat rations
 u - 3 fruits
 E - 2 slices of pizza


   Skills:
 - Level 5.5 Fighting
 + Level 12.5 Axes
 - Level 3.7 Armour
 - Level 3.8 Dodging
 - Level 0.8 Stealth


You had 7 spell levels left.
You didn't know any spells.

Dungeon Overview and Level Annotations

Branches:
Dungeon (6/15)             Temple (0/1) D:6

Altars:
Dithmenos
Gozag
Okawaru
Qazlal
Sif Muna
Trog
Vehumet


Innate Abilities, Weirdness & Mutations

You reflexively headbutt those who attack you in melee.
You have a pair of horns on your head.


Message History

Your headbutt misses the orc warrior.
The orc warrior is heavily wounded.
The orc warrior closely misses you. You furiously retaliate!
You headbutt the orc warrior. You hit the orc warrior.
Your headbutt misses the orc warrior.
The orc warrior is severely wounded.
The orc wizard points at you and mumbles some strange words.
The puff of flame misses you.
The orc warrior hits you with a dire flail!!
* * * LOW HITPOINT WARNING * * *
You are too injured to fight recklessly!
Unknown command.
You are too injured to fight recklessly!
The orc wizard casts a cantrip, but nothing happens.
The orc warrior hits you with a dire flail!!
* * * LOW HITPOINT WARNING * * *
Drink which item? (? for menu, Esc to quit)
It was a potion of curing.
You feel better.
The orc warrior hits you with a dire flail!
You die...

#.# #######
###.#####.....#
##.......#.....#
...............#
....#..#.#.....###
.......#.#....<#..
.......#.#######.#
....##.#.### #.#
...........#####@#
#........#......o# .#
##..#.####.####..####..#
##......##.# #....).o.#
......#.##.##........?.#
...##......##.#.########
...##.#.........#
...##.###########
#..##.#


You could see an orc warrior.

Vanquished Creatures
  Sigmund (D:3)
  Duvessa (D:5)
  3 sky beasts (D:6)
  2 ice beasts
  An eye of draining (D:5)
  A phantom (D:6)
  An ogre (D:6)
  A scorpion (D:4)
  Dowan (D:5)
  A giant frog zombie (D:6)
  3 hounds
  3 orc priests
  A gnoll shaman (D:4)
  An iguana (D:6)
  Crazy Yiuf (D:4)
  A giant frog skeleton (D:4)
  2 orc wizards
  Natasha (thrice) (D:3)
  5 worker ants
  A worker ant zombie (D:5)
  12 gnolls
  2 adders
  A shadow imp (D:4)
  2 oozes
  An adder zombie (D:6)
  2 worms
  5 dart slugs
  3 giant geckos
  19 orcs
  2 ball pythons (D:3)
  3 giant cockroaches
  5 goblins
  4 hobgoblins
  7 jackals
  2 quokkas
  7 bats
  5 giant newts
  10 kobolds
  9 rats
135 creatures vanquished.

Notes
Turn   | Place    | Note
--------------------------------------------------------------
     0 | D:1      | n3xus the Minotaur Berserker began the quest for the Orb.
     0 | D:1      | Reached XP level 1. HP: 19/19 MP: 0/0
    82 | D:1      | Reached XP level 2. HP: 27/27 MP: 1/1
   308 | D:1      | Reached skill level 4 in Axes
   680 | D:1      | Reached XP level 3. HP: 33/33 MP: 2/2
   898 | D:2      | Found a shadowy altar of Dithmenos.
  1043 | D:2      | Reached ** piety under Trog
  1075 | D:2      | Found an iron altar of Okawaru.
  1120 | D:2      | Found a deep blue altar of Sif Muna.
  1248 | D:2      | Reached XP level 4. HP: 41/41 MP: 3/3
  1856 | D:3      | Noticed Sigmund
  1870 | D:3      | Killed Sigmund
  1870 | D:3      | Reached skill level 5 in Fighting
  1870 | D:3      | Reached skill level 5 in Axes
  1870 | D:3      | Reached XP level 5. HP: 38/48 MP: 4/4
  1870 | D:3      | Reached XP level 6. HP: 45/56 MP: 5/5
  1962 | D:3      | Found an opulent altar of Gozag.
  2218 | D:3      | Noticed Natasha
  2222 | D:3      | Killed Natasha
  2390 | D:3      | Noticed Natasha
  2392 | D:3      | Killed Natasha
  2487 | D:3      | Noticed Natasha
  2491 | D:3      | Killed Natasha
  2491 | D:3      | Reached *** piety under Trog
  2593 | D:4      | Reached skill level 6 in Axes
  2660 | D:4      | Reached skill level 7 in Axes
  2700 | D:4      | Found a radiant altar of Vehumet.
  2733 | D:4      | Reached XP level 7. HP: 59/61 MP: 6/6
  2902 | D:4      | Noticed Crazy Yiuf
  2907 | D:4      | Killed Crazy Yiuf
  3029 | D:4      | Reached skill level 8 in Axes
  3110 | D:5      | Entered Level 5 of the Dungeon
  3387 | D:5      | Reached **** piety under Trog
  3428 | D:5      | Reached skill level 9 in Axes
  3581 | D:5      | Noticed Dowan
  3582 | D:5      | Noticed Duvessa
  3586 | D:5      | Killed Dowan
  3599 | D:5      | Killed Duvessa
  3599 | D:5      | Reached XP level 8. HP: 53/69 MP: 7/7
  3846 | D:5      | Noticed an air elemental
  3848 | D:5      | Found a stormy altar of Qazlal.
  3867 | D:5      | Reached skill level 10 in Axes
  4123 | D:5      | Found a bloodstained altar of Trog.
  4295 | D:6      | Found a staircase to the Ecumenical Temple.
  4360 | D:6      | Reached skill level 11 in Axes
  4626 | D:6      | Reached skill level 12 in Axes
  5019 | D:6      | HP: 1/69 [orc warrior/dire flail (19)]
  5021 | D:6      | Slain by an orc warrior

Skill      XL: |  1  2  3  4  5  6  7  8 |
---------------+-------------------------+-----
Fighting       | 4 5 |  5.5
Axes           | 4 5 7 9 12 | 12.5
Armour         | 3 |  3.7
Dodging        | 3 |  3.8
Stealth        | |  0.8

Action                   |  1- 3 |  4- 6 |  7- 9 || total
-------------------------+-------+-------+-------++-------
Melee: Hand axe          |    66 |    96 |   183 ||   345
       Headbutt          |    16 |    22 |    53 ||    91
Invok: Berserk           |       |       |     2 ||     2
  Use: Potion            |       |       |     1 ||     1
  Eat: Chunk             |     1 |     5 |     9 ||    15
Armor: Animal skin       |     6 |       |       ||     6
       Ring mail         |    12 |    27 |    30 ||    69
       Leather armour    |       |       |    10 ||    10
Dodge: Dodged            |    43 |    49 |    83 ||   175
